 Dungeon Crawl Stone Soup version 0.30-a0-322-g102857c98e (webtiles) character file.

Game seed: 5687414392498569407

4141 croobank the Firebug (level 10, -1/74 HPs)
             Began as a Demonspawn Fire Elementalist on Oct 27, 2022.
             Slain by a wight
             ... wielding a +5 trident
              (4 damage)
             ... on level 9 of the Dungeon.
             The game lasted 00:20:57 (9121 turns).

croobank the Firebug (Demonspawn Fire Elementalist) Turns: 9121, Time: 00:20:57

Health: -1/74      AC:  5    Str:  8    XL:     10   Next: 7%
Magic:  15/18      EV: 14    Int: 21    God:
Gold:   415        SH:  0    Dex: 14    Spells: 14/20 levels left

rFire   + . .      SeeInvis +    c - +2 spear (protect)
rCold   . . .      Faith    .    (no shield)
rNeg    . . .      Spirit   .    a - +0 robe
rPois   .          Reflect  .    (no helmet)
rElec   .          Harm     .    (no cloak)
rCorr   .          Rampage  .    (no gloves)
Will    .....                    (no boots)
Stlth   +++.......               (no amulet)
HPRegen 0.32/turn                s - ring of protection from fire
MPRegen 0.16/turn                v - ring of see invisible

@: very slightly contaminated, invisible
A: claws 1, yellow scales 2, spiny 2
a: no special abilities


You were on level 9 of the Dungeon.
You visited 1 branch of the dungeon, and saw 9 of its levels.

You collected 415 gold pieces.

Inventory:

Hand Weapons
 c - a +2 spear of protection (weapon)
 h - a +1 great sword of holy wrath
 i - a +2 short sword of draining
 z - a +3 hand axe
 B - a +3 dagger of chaos
Armour
 a - a +0 robe (worn)
 g - a +1 ring mail
Jewellery
 s - a ring of protection from fire (left claw)
 v - a ring of see invisible (right claw)
 C - a ring of positive energy
Wands
 r - a wand of quicksilver (7)
 u - a wand of digging (5)
 A - a wand of mindburst (10)
Scrolls
 d - a scroll of brand weapon
 m - 2 scrolls of butterflies
 n - a scroll of amnesia
 p - 3 scrolls of vulnerability
 t - a scroll of teleportation
 w - a scroll of enchant armour
 y - a scroll of identify
Potions
 e - a potion of might
 f - 2 potions of haste
 j - 3 potions of brilliance
 k - a potion of invisibility
 l - a potion of ambrosia
 o - 4 potions of curing
 q - a potion of mutation
 x - 2 potions of resistance


   Skills:
 + Level 5.5 Fighting
 + Level 5.5 Dodging
 + Level 5.9 Stealth
 + Level 5.7 Spellcasting
 - Level 5.0 Conjurations
 + Level 4.2 Hexes
 + Level 5.9 Fire Magic


You had 14 spell levels left.
You knew the following spells:

 Your Spells              Type           Power      Damage    Failure   Level
a - Foxfire               Conj/Fire      100%       2x1d9     1%          1
b - Scorch                Fire           62%        2d8       1%          2
c - Inner Flame           Hex/Fire       27%        N/A       3%          3

Your spell library contained the following spells:

 Spells                   Type           Power      Damage    Failure   Level
 Stone Arrow              Conj/Erth      32%        3d9       11%         3
 Flame Wave               Conj/Fire      29%        2d9       11%         4
 Kindle Blastsparks       Fire/Tloc/Air  28%        2d12      13%         3
 Animate Armour           Summ/Erth      12%        N/A       69%         4
 Summon Lightning Spire   Summ/Air       6%         N/A       69%         4
 Storm Form               Tmut/Air       3%         N/A       100%        7
 Lehudib's Crystal Spear  Conj/Erth      8%         10d3      100%        8
 Maxwell's Capacitive Co  Air            3%         ∞         100%        8


Dungeon Overview and Level Annotations

Branches:
Dungeon (9/15)             Temple (0/1) D:5
   Lair: D:8-11         Orc: D:9-12

Altars:

Annotations:
D:5 1 runed translucent door, Crazy Yiuf
D:7 2 transporters, petzl's ghost, novice FoDe
D:9 Grum; Maggie


Innate Abilities, Weirdness & Mutations

You have sharp fingernails.
You are mostly covered in yellow scales. (AC +3)
You are mostly covered in sharp spines.


Message History

Grum hits you from afar with a -2 glaive!
Casting: Scorch (safe; 1% risk of failure)
Confirm with . or Enter, or press ? or * to list all spells.
You don't have enough magic to cast this spell.
Magic courses through your body.
Grum is no longer more vulnerable to fire.
The wolf is struck by your spines. The wolf closely misses you.
The wolf is struck by your spines. The wolf bites you!
* * * LOW HITPOINT WARNING * * *
The wolf closely misses you. Grum closely misses you.
Casting: Scorch (safe; 1% risk of failure)
Confirm with . or Enter, or press ? or * to list all spells.
Flames lash the bullfrog.
The bullfrog is moderately wounded.
The bullfrog's fire resistance burns away.
The wolf is struck by your spines. The wolf bites you!
* * * LOW HITPOINT WARNING * * *
The wolf is struck by your spines.
You kill the wolf!
Grum completely misses you. The wolf is struck by your spines.
The wolf barely misses you.
Casting: Scorch (safe; 1% risk of failure)
Confirm with . or Enter, or press ? or * to list all spells.
Flames lash the wolf.
The wolf is almost dead.
The wolf's fire resistance burns away.
Your surroundings suddenly seem different.
Maggie and 4 wights come into view.
Maggie is wielding a +0 war axe of flaming and carrying a wand of mindburst (5).
Found a dagger, a crooked runed staff and a sling.
Found a stone staircase leading up and a stone staircase leading down.
The wight hits you from afar with a +5 trident.
* * * LOW HITPOINT WARNING * * *
Search for what [? for help]? goz Can't find anything matching that.
Unknown command.
Search for what [Enter for "goz", or ? for help]?
Temple You fade into invisibility!
The wight hits you from afar with a +5 trident.
You die...

#
#...########.##
#......@z......
#........z.....
#...).z........
#......@|z.....
#).............
#...##>.###+###
#... #..# #..
....


You could see Maggie (asleep) and 4 wights.

Vanquished Creatures
  Psyche (D:8)
  2 hornets (D:8)
  Prince Ribbit (D:6)
  A wraith (D:8)
  A yak (D:9)
  A wyvern (D:8)
  Menkaure (D:4)
  2 water moccasins (D:8)
  An orc warrior (D:8)
  A black bear (D:6)
  2 ice beasts
  A wolf (D:9)
  2 ogres (D:4)
  A centaur (D:6)
  A kobold brigand (D:7)
  5 bullfrogs
  3 necrophages
  5 scorpions
  3 wights (D:8)
  4 hounds
  3 jellies
  4 orc priests
  2 gnoll boudas
  An iguana (D:5)
  4 orc wizards
  Robin (D:4)
  9 gnolls
  7 adders
  A shadow imp (D:6)
  4 white imps
  5 dart slugs
  11 orcs
  5 ball pythons
  4 bats
  8 endoplasms
  2 giant cockroaches (D:4)
  9 hobgoblins
  6 jackals (D:1)
  6 quokkas
  4 frilled lizards
  15 goblins
  7 kobolds
  6 rats
163 creatures vanquished.

Vanquished Creatures (others)
  207 foxfires
  7 fungi (D:9)
  13 plants
227 creatures vanquished.

Grand Total: 390 creatures vanquished

Notes
Turn   | Place    | Note
-------+----------+-------------------------------------------
     0 | D:1      | croobank the Demonspawn Fire Elementalist began the quest
                  | for the Orb.
     0 | D:1      | Reached XP level 1. HP: 13/13 MP: 3/3
   220 | D:1      | Gained mutation: You are partially covered in sharp spines.
                  | [demonic ancestry]
   220 | D:1      | Reached XP level 2. HP: 19/19 MP: 5/5
   288 | D:1      | Learned a level 2 spell: Scorch
   557 | D:1      | Gained mutation: You have sharp fingernails. [demonic
                  | ancestry]
   557 | D:1      | Reached XP level 3. HP: 25/25 MP: 3/6
  1068 | D:2      | Reached skill level 1 in Fighting
  2648 | D:3      | Gained mutation: You are mostly covered in sharp spines.
                  | [demonic ancestry]
  2648 | D:3      | Reached XP level 4. HP: 32/32 MP: 0/7
  3126 | D:4      | Noticed Menkaure
  3130 | D:4      | Killed Menkaure
  3131 | D:4      | Gained mutation: You are partially covered in yellow
                  | scales. (AC +2) [demonic ancestry]
  3131 | D:4      | Reached XP level 5. HP: 38/38 MP: 2/9
  3243 | D:4      | Reached XP level 6. HP: 44/44 MP: 5/10
  3946 | D:4      | Identified the -2 helmet of Bavvydu {rPois rC+ Stlth+}
  3946 | D:4      | Noticed Robin
  3959 | D:4      | Killed Robin
  3960 | D:4      | Reached XP level 7. HP: 48/51 MP: 0/12
  4093 | D:5      | Entered Level 5 of the Dungeon
  4593 | D:5      | Learned a level 3 spell: Inner Flame
  4823 | D:5      | Reached XP level 8. HP: 29/58 MP: 8/14
  4827 | D:5      | Reached skill level 1 in Hexes
  4986 | D:5      | Found a runed translucent door.
  4987 | D:5      | Noticed Crazy Yiuf
  5170 | D:5      | Found a staircase to the Ecumenical Temple.
  5769 | D:6      | You fall into a shaft and drop 1 floor!
  6004 | D:7      | Noticed petzl's ghost (novice FoDe)
  6005 | D:7      | Noticed an unseen horror
  6007 | D:7      | Found a transporter.
  6296 | D:6      | Noticed Prince Ribbit
  6305 | D:6      | Killed Prince Ribbit
  6490 | D:6      | Reached skill level 5 in Fire Magic
  6791 | D:7      | Gained mutation: You are mostly covered in yellow scales.
                  | (AC +3) [demonic ancestry]
  6791 | D:7      | Reached XP level 9. HP: 65/65 MP: 9/16
  6838 | D:7      | Found a transporter.
  7521 | D:8      | Reached skill level 5 in Stealth
  7764 | D:8      | Reached skill level 5 in Spellcasting
  7888 | D:8      | Reached skill level 5 in Conjurations
  7971 | D:8      | Reached skill level 5 in Dodging
  8169 | D:8      | Reached skill level 5 in Fighting
  8782 | D:8      | Noticed Psyche
  8787 | D:8      | Killed Psyche
  9095 | D:9      | Reached XP level 10. HP: 74/74 MP: 12/18
  9103 | D:9      | Noticed Grum
  9120 | D:9      | Noticed Maggie
  9120 | D:9      | HP: 2/74 [wight/+5 trident (5)]
  9121 | D:9      | Slain by a wight

Illustrated notes

Levels and vault maps discovered:
D:1:      lemuel_arrival_behind_the_door_large, layout_rooms,
          chequers_arboretum, corexii_corridor_pit, minmay_tripent
D:2:      layout_loops_ring, serial_forest, infiniplex_forest_clump_double,
          infiniplex_forest_straight_4, infiniplex_forest_lined_1,
          infiniplex_forest_clump_small, infiniplex_forest_end_1,
          infiniplex_forest_straight_4, infiniplex_forest_clump_curved,
          dreamdust_princess_corridor, minmay_box_of_dots
D:3:      layout_loops_corners, roderic_serpentine_path
D:4:      layout_rooms, uniq_robin, uniq_menkaure
D:5:      layout_loops_ring, minmay_temple_entry_from_below_a,
          uniq_crazy_yiuf_cottage
D:6:      layout_basic, uniq_prince_ribbit1
D:7:      layout_loops_cross, gammafunk_ghost_arena
D:8:      layout_layer_cave, minmay_misc_feat_roman, uniq_psyche
D:9:      layout_gridville, nicolae_hepliaklqana_monster_ancestors,
          grunt_lair_entry_orc_guard_hut, uniq_maurice, uniq_maggie, uniq_grum

Skill      XL: |  1  2  3  4  5  6  7  8  9 |
---------------+----------------------------+-----
Stealth        | 2 3 4 5 |  5.9
Dodging        | 2 3 4 5 |  5.5
Fighting       | 1 2 3 4 5 |  5.5
Fire Magic     | 3 4 5 |  5.9
Spellcasting   | 3 4 5 |  5.7
Conjurations   | 2 3 4 5 |  5.0
Hexes          | 2 4 |  4.2

Action                   |  1- 3 |  4- 6 |  7- 9 | 10-12 || total
-------------------------+-------+-------+-------+-------++-------
Melee: Spear             |    32 |    27 |    30 |       ||    89
       Punch             |       |       |     3 |       ||     3
 Cast: Foxfire           |    28 |    16 |    78 |     3 ||   125
       Scorch            |    22 |    26 |   100 |     7 ||   155
Evoke: Wand              |       |       |     2 |       ||     2
  Use: Scroll            |     9 |     3 |     7 |     1 ||    20
       Potion            |       |       |     1 |     2 ||     3
 Stab: Sleeping          |     6 |     2 |     1 |       ||     9
Armor: Robe              |     5 |     5 |     6 |     1 ||    17
Dodge: Dodged            |    16 |    12 |    53 |    13 ||    94

Table legend: (Time is in decaauts)
 A = Elapsed time spent in this place.
 B = Non-inter-level travel time spent in this place.
 C = Inter-level travel time spent in this place.
 D = Time resting spent in this place.
 E = Time spent auto-exploring this place.
 F = Levels seen in this place.
 G = Mean time per level.
                   A        B        C        D        E       F      G
               +--------+--------+--------+--------+--------+-----+--------+
         Total |   9154 |   8932 |    222 |    682 |   7045 |   9 | 1017.1 |
       Dungeon |   9154 |   8932 |    222 |    682 |   7045 |   9 | 1017.1 |
               +--------+--------+--------+--------+--------+-----+--------+

Top non-repeatable levels by time:
     D:8: 1699 daAuts
     D:5: 1363 daAuts
     D:3: 1269 daAuts
     D:4: 968 daAuts
     D:1: 950 daAuts
     D:6: 947 daAuts
     D:7: 945 daAuts
     D:2: 909 daAuts
     D:9: 101 daAuts
